 Dungeon Crawl Stone Soup version 0.29.0-4-gdea44cf6ec (webtiles) character file.

Game seed: 13310754683018789598

70 gelatine the Firebug (level 4, -1/30 HPs)
             Began as a Demonspawn Fire Elementalist on Aug 26, 2022.
             Slain by a goblin
             ... wielding a +0 club
             ... led by Robin
              (4 damage)
             ... on level 3 of the Dungeon.
             The game lasted 00:06:58 (2214 turns).

gelatine the Firebug (Demonspawn Fire Elementalist) Turns: 2214, Time: 00:06:59

Health: -1/30      AC:  3    Str:  8    XL:     4   Next: 3%
Magic:  0/8        EV: 12    Int: 19    God:
Gold:   50         SH:  4    Dex: 13    Spells: 5/8 levels left

rFire   . . .      SeeInvis .   g - +0 dagger
rCold   . . .      Faith    .   (no shield)
rNeg    . . .      Spirit   .   a - +0 robe
rPois   .          Reflect  .   (no helmet)
rElec   .          Harm     .   (no cloak)
rCorr   .          Rampage  .   (no gloves)
Will    .....                   (no boots)
Stlth   ++........              (no amulet)
HPRegen 0.10/turn               (no ring)
MPRegen 0.11/turn               (no ring)

@: no status effects
A: sharp scales 1, condensation shield
a: no special abilities


You were on level 3 of the Dungeon.
You visited 1 branch of the dungeon, and saw 3 of its levels.

You collected 76 gold pieces.
You spent 26 gold pieces at shops.

Inventory:

Hand Weapons
 d - a +0 club
 e - a +0 short sword
 g - a +0 dagger (weapon)
 o - a +0 rapier
 p - a +3 sling
Missiles
 r - 2 silver javelins
Armour
 a - a +0 robe (worn)
Scrolls
 c - a scroll of fear {unknown}
 f - 3 scrolls of teleportation {unknown}
 l - a scroll of poison {unknown}
 m - a scroll of fog {unknown}
Potions
 b - a potion of magic
 h - 2 potions of degeneration {unknown}
 i - 2 potions of ambrosia {unknown}
 j - a potion of curing
 n - a potion of might
 q - a potion of lignification


   Skills:
 + Level 0.2 Fighting
 + Level 0.5 Short Blades
 + Level 2.1 Dodging
 + Level 2.1 Stealth
 + Level 2.8 Spellcasting
 + Level 1.6 Conjurations
 + Level 3.1 Fire Magic


You had 5 spell levels left.
You knew the following spells:

 Your Spells              Type           Power      Damage    Failure   Level
a - Foxfire               Conj/Fire      44%        2x1d6     6%          1
b - Scorch                Fire           28%        2d6       6%          2

Your spell library contained the following spells:

 Spells                   Type           Power      Damage    Failure   Level
 Conjure Flame            Conj/Fire      11%        6-21      17%         3
 Inner Flame              Hex/Fire       8%         N/A       24%         3
 Ignite Poison            Fire/Tmut/Pois 6%         N/A       30%         3
 Mephitic Cloud           Conj/Pois/Air  4%         N/A       36%         3
 Ozocubu's Armour         Ice            2%         N/A       43%         3
 Flame Wave               Conj/Fire      11%        2d6       50%         4
 Freezing Cloud           Conj/Ice/Air   2%         6-21      98%         5
 Ozocubu's Refrigeration  Ice            1%         4d7       100%        7


Dungeon Overview and Level Annotations

Branches:
Dungeon (3/15)

Altars:

Shops:
D:2 [?*[?

Annotations:
D:3 Natasha, Robin


Innate Abilities, Weirdness & Mutations

You are partially covered in razor-sharp scales. (AC +1, Slay +1)
A meltable shield of frost defends you. (SH +4)


Message History

You hit the goblin.
You kill the goblin!
Casting: Scorch (safe; 6% risk of failure)
Confirm with . or Enter, or press ? or * to list all spells.
You conjure some foxfire!
Robin roars a battlecry!
The goblin goes into a battle-frenzy!
The foxfire hits Robin.
Robin is lightly wounded.
The foxfire hits Robin but does no damage.
Robin is lightly wounded.
Natasha, Servant of Life and Death comes into view.
You block Robin's attack.
A hobgoblin comes into view.
Robin roars a battlecry!
The hobgoblin goes into a battle-frenzy!
You see here a +0 dagger.
You hit Robin.
Robin is moderately wounded.
Robin throws the goblin at you!
Natasha casts a spell.
Found 10 gold pieces.
Robin hits you from afar with a +4 trident of venom.
You are poisoned.
The goblin attacks as you move away! The goblin hits you with a +0 club.
You feel very sick.
You feel sick.
You feel better. The goblin hits you but does no damage.
Robin says, "Bow before me, strongest of all the hobgoblins!"
Robin throws the goblin at you!
Casting: Foxfire (safe; 6% risk of failure)
Confirm with . or Enter, or press ? or * to list all spells.
You conjure some foxfire!
The goblin hits you with a +0 club.
Robin hits you from afar with a +4 trident of venom!
* * * LOW HITPOINT WARNING * * *
You closely miss the goblin.
The foxfire hits Robin but does no damage.
Robin is moderately wounded.
Robin barely misses you. The goblin hits you with a +0 club.
You die...

.~ #.~ ##[~ #
#..~ #.# #..
...# #.#
....#
###5###.....#
#.hg.@g...$.#
##)#####....#
#)# ... #5# #
#.# #h# #g#
##....g..


.#ggg.g You could see Robin, Natasha, a crimson imp (summoned) and a goblin
(strong).

Vanquished Creatures
  An adder (D:2)
  A dart slug (D:2)
  2 orcs
  4 endoplasms
  2 giant cockroaches
  12 goblins
  6 hobgoblins
  A quokka (D:1)
  3 ball pythons
  7 bats
  4 frilled lizards (D:2)
  7 kobolds
  2 rats (D:2)
52 creatures vanquished.

Vanquished Creatures (others)
  150 foxfires
150 creatures vanquished.

Grand Total: 202 creatures vanquished

Notes
Turn   | Place    | Note
-------+----------+-------------------------------------------
     0 | D:1      | gelatine the Demonspawn Fire Elementalist began the quest
                  | for the Orb.
     0 | D:1      | Reached XP level 1. HP: 13/13 MP: 3/3
   267 | D:1      | Gained mutation: You are partially covered in razor-sharp
                  | scales. (AC +1, Slay +1) [demonic ancestry]
   267 | D:1      | Reached XP level 2. HP: 19/19 MP: 0/5
   426 | D:1      | Reached skill level 3 in Fire Magic
   847 | D:1      | Learned a level 2 spell: Scorch
  1260 | D:2      | Reached XP level 3. HP: 18/24 MP: 2/6
  1314 | D:2      | Found Waulyhoe's Magic Scroll Boutique.
  1404 | D:2      | Found Woocsump's Assorted Antiques.
  1773 | D:2      | Found Vufaloyxty's Armour Boutique.
  1780 | D:2      | Found Wono's Magic Scroll Shop.
  1844 | D:2      | Bought a scroll of identify for 26 gold pieces
  1855 | D:2      | Found Sothue's Antique Armour Emporium.
  2183 | D:3      | Noticed Robin
  2203 | D:3      | Gained mutation: A meltable shield of frost defends you.
                  | (SH +4) [demonic ancestry]
  2203 | D:3      | Reached XP level 4. HP: 23/30 MP: 0/8
  2206 | D:3      | Noticed Natasha
  2214 | D:3      | Slain by a goblin

Illustrated notes

Levels and vault maps discovered:
D:1:      mrwooster_arrival_statue, layout_basic
D:2:      layout_rooms, serial_shops, nicolae_shop_stone, shop, shop, shop,
          nicolae_square_shop, minmay_statues_item, grunt_decor_clamped
D:3:      layout_basic, elyvilon_altar_3, serial_bayou, serial_bayou_shore_a,
          serial_bayou_pond_e, serial_bayou_pond_e, serial_bayou_pond_a,
          nicolae_kite_square_tiling_tiny, kennysheep_generic_room_11,
          uniq_natasha, uniq_robin

Skill      XL: |  1  2 |
---------------+-------+-----
Stealth        | 2 |  2.1
Dodging        | 2 |  2.1
Fire Magic     | 3 |  3.1
Fighting       | |  0.2
Short Blades   | |  0.5
Spellcasting   | |  2.8
Conjurations   | |  1.6

Action                   |  1- 3 |  4- 6 || total
-------------------------+-------+-------++-------
Melee: Short sword       |     4 |       ||     4
       Dagger            |    16 |     4 ||    20
 Cast: Foxfire           |    94 |     2 ||    96
       Scorch            |     1 |       ||     1
  Use: Scroll            |     3 |       ||     3
       Potion            |       |     1 ||     1
Armor: Robe              |     4 |     3 ||     7
Dodge: Dodged            |    15 |     1 ||    16
Block: Other             |       |     2 ||     2
